 Dungeon Crawl Stone Soup version 0.32-a0-975-g85d4e5bfdb (webtiles) character file.

Game seed: 16285676679714816502

183 ezpacito the Trooper (level 5, -4/42 HPs)
             Began as a Coglin Chaos Knight on Apr 20, 2024.
             Was a Plaything of Xom.
             Slain by Sigmund
             ... wielding a +0 scythe
              (9 damage)
             ... on level 2 of the Dungeon.
             The game lasted 00:01:41 (967 turns).

ezpacito the Trooper (Coglin Chaos Knight)           Turns: 967, Time: 00:01:42

Health: -4/42      AC:  5    Str: 14    XL:     5   Next: 62%
Magic:  5/5        EV: 11    Int: 11    God:    Xom [*.....]
Gold:   73         SH:  0    Dex: 14    Spells: 5/5 levels left

rFire   . . .        a - +0 hand axe (chaos) {Enrique}
rCold   . . .        d - +0 dagger {Hwan}
rNeg    . . .        b - +2 leather armour
rPois   .            (no helmet)
rElec   .            (no cloak)
rCorr   .            (no gloves)
SInv    .            (no boots)
Will    .....        (amulet unavailable)
Stlth   +            (ring unavailable)
HPRegen 0.27/turn    (ring unavailable)
MPRegen 0.09/turn    (no gizmo)

%: no passive effects
@: weak-willed, on berserk cooldown, enlightened, flying, slowed, revving, very
slow
A: off-hand wielding, slow wielding, warmup strikes, no jewellery
a: Invent Gizmo, Renounce Religion


You were on level 2 of the Dungeon.
You worshipped Xom.
You were a special plaything of Xom.
You visited 1 branch of the dungeon, and saw 2 of its levels.

You collected 73 gold pieces.

Inventory:

Hand Weapons
 a - a +0 hand axe of chaos (weapon) {Enrique}
 d - a +0 dagger (offhand) {Hwan}
 n - a +0 sling
Missiles
 i - 4 poisoned darts (quivered)
Armour
 b - a +2 leather armour (worn)
 l - a +0 hat of willpower
Scrolls
 f - 2 scrolls of fog {unknown}
 g - a scroll of fear {unknown}
 h - 2 scrolls of vulnerability
 j - 2 scrolls of amnesia {unknown}
 k - 2 scrolls of identify {unknown}


   Skills:
 * Level 3.7 Fighting
 * Level 3.5(3.8) Axes
 * Level 1.5(2.6) Polearms
 + Level 0.8 Throwing
 * Level 2.4 Armour
 * Level 1.9 Dodging
 + Level 1.2 Stealth
 + Level 0.6 Spellcasting


You had 5 spell levels left.
You didn't know any spells.
Your spell library contained the following spells:

 Spells                   Type           Power      Damage    Failure   Level
 Cigotuvi's Dreadful Rot  Necr/Alch/Air  0%         N/A       54%         2
 Ignite Poison            Fire/Alch      0%         N/A       99%         4
 Freezing Cloud           Conj/Ice/Air   0%         6-21      100%        5


Dungeon Overview and Level Annotations

Branches:
Dungeon (2/15)

Altars:

Annotations:
D:2 1 runed translucent door, Crazy Yiuf, Sigmund


Innate Abilities, Weirdness & Mutations

You can wield a second weapon in your off-hand.
It takes a long time for you to wield or remove held weapons.
Your first few attacks do less damage.
You cannot equip rings or amulets.


Message History

Something hits your butterfly!
Your butterfly dies!
Your butterfly disappears in a burst of colours!
You swap places.
Things that are here:
a +0 whip; 4 stones You feel a strong urge to attack something.
The bat hits your butterfly.
Your butterfly dies!
Your butterfly disappears in a burst of colours!
The bat barely misses your butterfly. The bat hits you.
* * * LOW HITPOINT WARNING * * *
Things that are here:
a +0 whip; 4 stones You take 1 damage, and have 5/63 hp.
You feel your anger nearly subside. The bat closely misses your butterfly.
Something misses your butterfly.
You are no longer berserk.
You are exhausted.
You feel yourself slow down. The bat misses your butterfly.
Something hits your butterfly.
Your butterfly dies!
Your butterfly disappears in a burst of colours!
The bat completely misses your butterfly.
You now have 4/42 hp.
The bat misses something.
The bat closely misses something.
The bat misses your butterfly.
The bat barely misses something.
Something closely misses your butterfly.
Something completely misses your butterfly.
Something closely misses your butterfly.
Something barely misses your butterfly.
It was a potion of enlightenment.
You feel very buoyant.
You fly up into the air.
Something hits your butterfly!
Your butterfly dies!
Your butterfly disappears in a burst of colours!
As you read the scroll labelled KOYMYN LIOCEU, it crumbles to dust.
A wave of despondency washes over your surroundings.
It was a scroll of vulnerability.
Something hits you!
You die...

.............
###
..#.....#.###
... #..
#########.#
#.. .. #.. .#
#.# ##.# #.#
##..# # #.#
##..##### #.#
#........ #@#
#####.#######
#.# ##.....#
#{###b.##.##
##bb.b.b.$.#
#bb.)#.b####
#bbbb#.##
#.bbbb#.#
......bbbb.#
.####.....##


There were no monsters in sight!

Vanquished Creatures
  A swamp drake (D:2)
  4 adders (D:2)
  4 dart slugs
  5 ball pythons
  2 bats (D:1)
  7 endoplasms
  4 giant cockroaches (D:1)
  4 hobgoblins
  A frilled lizard (D:1)
  4 goblins
  6 kobolds
  3 rats (D:1)
45 creatures vanquished.

Notes
Turn   | Place    | Note
-------+----------+-------------------------------------------
     0 | D:1      | ezpacito the Coglin Chaos Knight began the quest for the
                  | Orb.
     0 | D:1      | Reached XP level 1. HP: 18/18 MP: 1/1
    65 | D:1      | Reached skill level 1 in Dodging
    95 | D:1      | Reached XP level 2. HP: 24/24 MP: 2/2
   185 | D:1      | XOM: divination: magic mapping
   217 | D:1      | XOM: noise
   387 | D:1      | Reached XP level 3. HP: 29/29 MP: 3/3
   434 | D:1      | XOM: 6-stop teleportation journey
   539 | D:1      | XOM: 1-stop teleportation journey
   747 | D:2      | a bat changed into a swamp drake
   747 | D:2      | Noticed a swamp drake
   748 | D:2      | Killed a swamp drake
   749 | D:2      | Reached skill level 1 in Polearms
   749 | D:2      | Reached skill level 1 in Stealth
   749 | D:2      | Reached XP level 4. HP: 35/37 MP: 4/4
   749 | D:2      | Reached XP level 5. HP: 40/42 MP: 5/5
   750 | D:2      | XOM: silly message
   767 | D:2      | XOM: 2-stop teleportation journey
   878 | D:2      | Found a runed translucent door.
   879 | D:2      | Noticed Crazy Yiuf
   893 | D:2      | XOM: 5-stop teleportation journey
   945 | D:2      | Noticed Sigmund
   967 | D:2      | Slain by Sigmund

Illustrated notes

Levels and vault maps discovered:
D:1:      dpeg_arrival_concentric_ovals, layout_basic, st_stairs_1
D:2:      layout_rooms, uniq_crazy_yiuf_cottage, uniq_sigmund

Skill      XL: |  1  2  3 |
---------------+----------+-----
Dodging        | 1 |  1.9
Armour         | 2 |  2.4
Polearms       | 1 |  1.5
Stealth        | 1 |  1.2
Fighting       | |  3.7
Axes           | |  3.5
Throwing       | |  0.8
Spellcasting   | |  0.6

Action                     |  1- 3 |  4- 6 || total
---------------------------+-------+-------++-------
  Melee: Hand axe          |    55 |    29 ||    84
         Dagger            |    49 |    24 ||    73
    Use: Potion            |       |     3 ||     3
         Scroll            |       |     2 ||     2
   Stab: Sleeping          |     1 |       ||     1
 Armour: Leather armour    |    38 |    33 ||    71
  Dodge: Dodged            |    25 |    21 ||    46

Table legend: (Time is in decaauts)
 A = Elapsed time spent in this place.
 B = Non-inter-level travel time spent in this place.
 C = Inter-level travel time spent in this place.
 D = Time resting spent in this place.
 E = Time spent auto-exploring this place.
 F = Levels seen in this place.
 G = Mean time per level.
                   A        B        C        D        E       F      G
               +--------+--------+--------+--------+--------+-----+--------+
         Total |    975 |    936 |     39 |      0 |    722 |   2 |  487.5 |
       Dungeon |    975 |    936 |     39 |      0 |    722 |   2 |  487.5 |
               +--------+--------+--------+--------+--------+-----+--------+

Top non-repeatable levels by time:
     D:1: 751 daAuts
     D:2: 224 daAuts
